 Dungeon Crawl Stone Soup version 0.19.3-4-gbf9329e (webtiles) character file.

107 galech the Skirmisher (level 4, -2/49 HPs)
             Began as an Ogre Fighter on Jan 30, 2017.
             Killed from afar by an orc wizard (10 damage)
             ... with a puff of frost
             ... on level 4 of the Dungeon.
             The game lasted 00:03:02 (2177 turns).

galech the Skirmisher (Ogre Fighter)                Turns: 2177, Time: 00:03:03

Health: -2/49      AC:  3    Str: 22    XL:     4   Next: 85%
Magic:  4/4        EV:  8    Int:  7    God:
Gold:   158        SH:  8    Dex:  9    Spells: 0 memorised, 3 levels left

rFire  + . .     SeeInvis .     a - +0 flail
rCold  x . .     Gourm    .     b - +0 robe
rNeg   . . .     Faith    .     c - +0 shield
rPois  .         Spirit   .     (helmet restricted)
rElec  .         Reflect  .     (no cloak)
rCorr  .         Harm     .     (gloves unavailable)
MR     .....                    (boots unavailable)
Stlth  +.........               (no amulet)
                                (no ring)
                                v - ring of fire

@: no status effects
A: unfitting armour, tough skin 1
a: no special abilities


You were on level 4 of the Dungeon.
You were hungry.

You visited 1 branch of the dungeon, and saw 4 of its levels.

You collected 158 gold pieces.

Inventory:

Hand Weapons
 a - a +0 flail (weapon)
Armour
 b - a +0 robe (worn)
 c - a +0 shield (worn)
Jewellery
 v - a ring of fire (left hand)
Scrolls
 e - a scroll of noise {unknown}
 j - 3 scrolls of remove curse {unknown}
 n - 2 scrolls of blinking {unknown}
 r - a scroll of identify {unknown}
 s - 3 scrolls of teleportation {unknown}
 t - 4 scrolls of enchant weapon {unknown}
 u - a scroll of amnesia {unknown}
Potions
 d - a potion of might
 h - a potion of invisibility {unknown}
 l - a potion of agility {unknown}
 o - 2 potions of magic {unknown}
 p - a potion of resistance {unknown}
 q - a potion of brilliance {unknown}
 w - a potion of haste {unknown}
Comestibles
 f - 2 bread rations
 g - a chunk of flesh
 i - 15 fruits
 k - 4 meat rations
 m - 3 beef jerkies


   Skills:
 + Level 4.9 Fighting
 + Level 4.3 Maces & Flails
 + Level 3.0 Dodging
 + Level 0.5 Stealth
 + Level 3.3 Shields


You had 3 spell levels left.
You didn't know any spells.

Dungeon Overview and Level Annotations

Branches:
Dungeon (4/15)
 Temple: D:4-7

Altars:


Innate Abilities, Weirdness & Mutations

You are too large for most types of armour.
You have tough skin. (AC +1)


Message History

The orc barely misses you.
You closely miss the orc wizard.
The orc wizard is lightly wounded.
The orc wizard barely misses you. The orc barely misses you.
The orc wizard gestures at you while chanting.
The magic dart hits you!
You barely miss the orc wizard.
The orc wizard is lightly wounded.
You block the orc wizard's attack. The orc hits you.
You completely miss the orc wizard.
The orc wizard is lightly wounded.
The orc wizard casts a spell at you. The magic dart hits you! The orc hits you.
* * * LOW HITPOINT WARNING * * *
The orc wizard hits you with an enchanted dagger.
* * * LOW HITPOINT WARNING * * *
The orc wizard closely misses you.
The orc wizard points at you and mumbles some strange words.
The puff of frost hits you!
You feel a terrible chill!
You die...

#.# #. #.# #. #.# #.
#.# #. #.# #. #.# #.
#.######
..?###.#####......##
..?...oo.o@..........
###.#############.###
#


You could see an orc wizard and 2 orcs.

Vanquished Creatures
  An orc wizard (D:4)
  2 adders
  A worm (D:3)
  A dart slug (D:1)
  4 leopard geckos
  An orc (D:3)
  2 giant cockroaches (D:2)
  6 goblins
  5 hobgoblins
  3 jackals (D:3)
  9 kobolds
  6 bats
  5 frilled lizards
  A jackal skeleton (D:3)
  5 rats
52 creatures vanquished.

Notes
Turn   | Place    | Note
-------+----------+-------------------------------------------
     0 | D:1      | galech the Ogre Fighter began the quest for the Orb.
     0 | D:1      | Reached XP level 1. HP: 24/24 MP: 1/1
    80 | D:1      | Reached XP level 2. HP: 19/32 MP: 2/2
   407 | D:1      | Reached XP level 3. HP: 25/40 MP: 3/3
  1466 | D:3      | Reached XP level 4. HP: 46/49 MP: 4/4
  1543 | D:3      | Found a faded altar of an unknown god.
  2177 | D:4      | Killed from afar by an orc wizard

Skill      XL: |  1  2  3  4 |
---------------+-------------+-----
Maces & Flails | 3 4 |  4.3
Dodging        | 3 |  3.0
Shields        | 3 |  3.3
Fighting       | |  4.9
Stealth        | |  0.5

Action                   |  1- 3 |  4- 6 || total
-------------------------+-------+-------++-------
Melee: Flail             |   153 |    72 ||   225
 Stab: Sleeping          |       |     1 ||     1
  Eat: Chunk             |     2 |     2 ||     4
Armor: Robe              |    49 |    15 ||    64
Dodge: Dodged            |    61 |    24 ||    85
Block: Shield            |    79 |    26 ||   105
